 Dungeon Crawl Stone Soup version 0.26.1-11-gd32895ea62 (webtiles) character file.

Game seed: 8374606816821076778

111 Bliebski the Insei (level 4, -4/29 HPs)
             Began as an Octopode Transmuter on Apr 26, 2021.
             Blown up by a kobold (33 damage)
             ... with a disintegration bolt
             ... on level 3 of the Dungeon.
             The game lasted 00:04:44 (2794 turns).

Bliebski the Insei (Octopode Transmuter)            Turns: 2794, Time: 00:04:45

Health: -4/29      AC:  1    Str:  9    XL:     4   Next: 92%
Magic:  6/7        EV: 13    Int: 15    God:
Gold:   132        SH:  6    Dex: 13    Spells: 7/8 levels left

rFire    + . .     SeeInvis .   s - +2 dagger (venom)
rCold    . . .     Faith    .   b - +2 buckler {rF+}
rNeg     + . .     Spirit   .   (helmet currently unavailable)
rPois    .         Reflect  .   j - amulet of magic regeneration
rElec    .         Harm     .   e - ring of positive energy
rCorr    .         Rampage  .   (no ring)
Will     .....                  (no ring)
Stlth    ++........             (no ring)
HPRegen  0.09/turn              (no ring)
MPRegen  0.35/turn              (no ring)
                                (no ring)
                                (no ring)

@: appendages
A: almost no armour, stealthy swim, amphibious, 8 rings, constrict 8, tentacle
spike 3, camouflage 1, gelatinous body 1
a: End Transformation


You were on level 3 of the Dungeon.
One of your tentacles had a temporary spike.
You visited 1 branch of the dungeon, and saw 3 of its levels.

You collected 132 gold pieces.

Inventory:

Hand Weapons
 s - a +2 dagger of venom (weapon)
Armour
 b - a +2 buckler of fire resistance (worn)
Jewellery
 e - a ring of positive energy (left tentacle)
 j - an amulet of magic regeneration (around mantle)
 u - a cursed -4 ring of protection {unknown}
Wands
 l - a wand of random effects (13)
Scrolls
 c - a scroll of immolation {unknown}
 g - 3 scrolls of enchant weapon {unknown}
 h - 4 scrolls of identify {unknown}
 k - a scroll of enchant armour {unknown}
 m - 3 scrolls of remove curse {unknown}
 o - 2 scrolls of teleportation {unknown}
 v - 2 scrolls of magic mapping {unknown}
 w - a scroll of fog {unknown}
Potions
 a - 3 potions of curing {unknown}
 d - 3 potions of brilliance {unknown}
 f - a potion of lignification {unknown}
 i - a potion of attraction {unknown}
 n - a potion of berserk rage {unknown}
 p - a potion of mutation {unknown}
 q - a potion of resistance {unknown}
 r - a potion of heal wounds {unknown}
 t - 2 potions of degeneration {unknown}


   Skills:
 + Level 1.9 Fighting
 + Level 2.6 Dodging
 + Level 1.7 Shields
 + Level 3.4 Unarmed Combat
 + Level 2.5 Spellcasting
 + Level 2.5 Transmutations


You had 7 spell levels left.
You knew the following spells:

 Your Spells              Type           Power        Failure   Level
a - Beastly Appendage     Tmut           18%          10%         1

Your spell library contained the following spells:

 Spells                   Type           Power        Failure   Level
 Wereblood                Tmut           9%           14%         2
 Spider Form              Tmut/Pois      2%           43%         3
 Ice Form                 Ice/Tmut       5%           85%         4
 Blade Hands              Tmut           4%           95%         5


Dungeon Overview and Level Annotations

Branches:
Dungeon (3/15)

Altars:
Okawaru


Innate Abilities, Weirdness & Mutations

You cannot wear most types of armour.
You are very stealthy in the water. (Stealth+)
You are amphibious.
You can wear up to eight rings at the same time.
You can use your tentacles to constrict eight enemies at once.
Your skin changes colour to match your surroundings (Stealth+).
Your rubbery body absorbs attacks. (AC +1, EV +1)
One of your tentacles bears a large vicious spike.


Message History

The worm is heavily wounded.
You constrict the worm.
The worm splashes around in the water.
You hit the worm.
The worm is poisoned.
The worm is heavily wounded.
You constrict the worm. You hit the worm.
The worm looks as sick as possible!
You pierce the worm.
The worm is almost dead.
Your transformation is almost over.
You constrict the worm.
You kill the worm!
A kobold comes into view.
It is wielding a -3 club and carrying a wand of disintegration (15).
A kobold is nearby!
A kobold is nearby!
Casting: Beastly Appendage (safe; 10% risk of failure)
Confirm with . or Enter, or press ? or * to list all spells.
You extend your transformation's duration.
The kobold shouts!
The kobold zaps a wand.
You are blasted!
Ouch! That really hurt!
You die...

..# ♣≈# ≈≈#♣.≈# .#####
#.. ..♣≈≈.≈ ...... #.#
≈...#.. .##### #.#
≈≈≈.≈.. #.#####/≈..≈.≈
♣###### #.#....≈.≈.≈.♣
≈...... #.#...@..≈≈#≈.
≈######
#.#.....≈.≈#.######....
#>'.....'..<.........##
#.#.....####.K...##....
#.#####.# #.###.#.†...
#.# #.####.##...)..).
#.# #.##≈≈.≈†........
#.### ##.≈≈≈≈≈≈≈.#.....
#...###≈≈#≈≈≈≈≈≈≈≈####'


You could see a kobold.

Vanquished Creatures
  2 adders
  An ooze (D:2)
  A worm (D:3)
  8 dart slugs (D:3)
  2 leopard geckos (D:2)
  5 orcs (D:3)
  2 giant cockroaches
  10 goblins
  7 hobgoblins
  A ball python (D:3)
  7 bats
  3 frilled lizards
  8 kobolds
  5 rats
62 creatures vanquished.

Notes
Turn   | Place    | Note
-------+----------+-------------------------------------------
     0 | D:1      | Bliebski the Octopode Transmuter began the quest for the
                  | Orb.
     0 | D:1      | Reached XP level 1. HP: 13/13 MP: 3/3
   239 | D:1      | Reached XP level 2. HP: 16/18 MP: 3/5
  1018 | D:1      | Reached skill level 1 in Shields
  1018 | D:1      | Reached XP level 3. HP: 23/23 MP: 4/6
  1064 | D:2      | Found an iron altar of Okawaru.
  2073 | D:3      | Reached XP level 4. HP: 28/28 MP: 7/7
  2794 | D:3      | Blown up by a kobold

Illustrated notes

Levels and vault maps discovered:
D:1:      dpeg_arrival_three_bigger_balls, layout_loops_ring,
          minmay_pentomino_u2
D:2:      layout_basic, okawaru_ov_weapons_minmay
D:3:      kennysheep_slugbush, layout_basic, serial_rivers,
          chequers_serial_rivers_micro_a, chequers_serial_rivers_room_b,
          chequers_serial_rivers_marsh, chequers_serial_rivers_room_b,
          chequers_serial_rivers_small_a

Skill      XL: |  1  2 |
---------------+-------+-----
Shields        | 1 |  1.7
Fighting       | |  1.9
Dodging        | |  2.6
Unarmed Combat | |  3.4
Spellcasting   | |  2.5
Transmutations | |  2.5

Action                   |  1- 3 |  4- 6 || total
-------------------------+-------+-------++-------
Melee: Unarmed           |    78 |       ||    78
       Constrict         |    24 |    16 ||    40
       Kick              |    21 |    14 ||    35
       Tentacles         |    11 |     8 ||    19
       Dagger            |     1 |    41 ||    42
       Punch             |       |     2 ||     2
 Cast: Beastly Appendage |    24 |    13 ||    37
 Stab: Sleeping          |     9 |     2 ||    11
       Distracted        |     1 |       ||     1
Armor: Skin              |     9 |       ||     9
Dodge: Dodged            |    39 |     9 ||    48
Block: Buckler           |    23 |     8 ||    31
